 Dungeon Crawl Stone Soup version 0.17.1-1-g73c8601 (webtiles) character file.

2192 Goblin1989 the Covert (level 9, -4/46 HPs)
             Began as a Vine Stalker Assassin on Jan 2, 2016.
             Was a Believer of Dithmenos.
             Incinerated by a mottled dragon (6 damage)
             ... with a sticky flame
             ... on level 6 of the Dungeon.
             The game lasted 00:33:25 (5254 turns).

Goblin1989 the Covert (Vine Stalker Assassin)       Turns: 5254, Time: 00:33:25

Health: -4/46      AC:  5    Str: 13    XL:     9   Next: 33%
Magic:  0/10       EV: 12    Int: 11    God:    Dithmenos [**....]
Gold:   298        SH:  8    Dex: 24    Spells: 1 memorised, 6 levels left

rFire  . . .     SeeInvis .     a - +0 dagger (venom)
rCold  + . .     Clarity  .     c - +0 robe
rNeg   . . .     SustAt   .     i - +2 buckler
rPois  .         Gourm    .     (helmet restricted)
rElec  .         Spirit   +     d - +0 cloak
rCorr  .         Warding  .     (no gloves)
rMut   .         Stasis   .     (no boots)
MR     +....                    (no amulet)
Stlth  +++.......               (no ring)
                                m - ring of stealth

@: liquid flames, glowing, somewhat resistant to hostile enchantments, fairly
stealthy
A: antennae 2, fangs 3, icy blue scales 1, molten scales 1, thin skeletal
structure 1, agile 1, breathe flames 1, cold resistance 1, regeneration 2,
robust 1, magic shield, antimagic bite, no device heal 3, rot immunity, subdued
magic 1
a: Shadow Step, Renounce Religion, Breathe Fire


You were on level 6 of the Dungeon.
You worshipped Dithmenos.
Dithmenos was pleased with you.
You were very hungry.

You visited 1 branch of the dungeon, and saw 6 of its levels.

You collected 298 gold pieces.

Inventory:

Hand Weapons
 a - a +0 dagger of venom (weapon)
 b - a +0 blowgun
 L - a +2 dagger
Missiles
 e - 35 poisoned needles
 x - a curare-tipped needle
Armour
 c - a +0 robe (worn)
 d - a +0 cloak (worn)
 i - a +2 buckler (worn)
Jewellery
 m - a ring of stealth (left hand)
 o - an uncursed amulet of rage {unknown}
Wands
 y - a wand of polymorph (14)
 A - a wand of disintegration (9)
 F - a wand of confusion (15)
Scrolls
 f - 3 scrolls of random uselessness {unknown}
 p - a scroll of recharging {unknown}
 q - 3 scrolls of noise {unknown}
 t - 2 scrolls of remove curse {unknown}
 v - 3 scrolls of enchant armour {unknown}
 w - 5 scrolls of identify {unknown}
 z - 3 scrolls of amnesia {unknown}
 B - 2 scrolls of immolation {unknown}
 C - 2 scrolls of fear {unknown}
 D - 2 scrolls of fog {unknown}
 H - a scroll of magic mapping {unknown}
 I - a scroll of silence {unknown}
 J - a scroll of brand weapon {unknown}
Potions
 h - 4 potions of curing
 k - 2 potions of degeneration {unknown}
 l - a potion of resistance {unknown}
 n - 4 potions of might {unknown}
 r - a potion of heal wounds {unknown}
 s - 3 potions of lignification {unknown}
 u - 2 potions of ambrosia {unknown}
 E - a potion of mutation {unknown}
 G - a potion of magic {unknown}
Comestibles
 g - 3 bread rations
 j - 3 meat rations


   Skills:
 - Level 1.7 Fighting
 * Level 8.6 Short Blades
 - Level 1.7 Throwing
 - Level 0.7 Dodging
 + Level 9.5 Stealth
 - Level 4.0 Shields
 + Level 1.0 Invocations


You had 6 spell levels left.
You knew the following spells:

 Your Spells              Type           Power        Failure   Level  Hunger
a - Repel Missiles        Chrm/Air       #.....       41%         2    ###....


Dungeon Overview and Level Annotations

Branches:
Dungeon (6/15)             Temple (0/1) D:5

Altars:
Cheibriados
Dithmenos
Gozag
Makhleb
Nemelex Xobeh
Qazlal
Xom
The Shining One

Shops:
D:5 :

Annotations:
D:2 Sigmund
D:6 Menkaure


Innate Abilities, Weirdness & Mutations

You have razor-sharp teeth.
You heal very quickly.
When hurt, damage is shared between your health and your magic reserves.
Your bite disrupts and absorbs the magic of your enemies.
Potions and wands cannot restore your health.
You are immune to rotting.
You have a pair of antennae on your head.
You are partially covered in icy blue scales (AC +1).
You are partially covered in molten scales (AC +1).
You have a somewhat thin skeletal structure (Dex +2, Stealth).
You are agile. (Dex +2)
You can breathe flames.
Your flesh is cold resistant.
You are robust (+10% HP).
Your spells are a little easier to cast, but a little less powerful.


Message History

You are covered in liquid flames!
* * * LOW HITPOINT WARNING * * *
Things that are here:
a buckler; a ring mail; a trident of venom You are covered in liquid flames!
* * * LOW HITPOINT WARNING * * *
Things that are here:
a flail; a shiny chain mail; an antimagic flail You are covered in liquid flames!
* * * LOW HITPOINT WARNING * * *
Drink which item? (? for menu, Esc to quit)
Okay, then.
Okay, then.
Read which item? (? for menu, Esc to quit)
Okay, then.
Unknown command.
Drink which item? (? for menu, Esc to quit)
It was a potion of curing.
That felt strangely inert.
You are covered in liquid flames!
You die...

### ).# #############
#.#####...........#
#[...##.#########.######
#.##.##.# #......######
..##.##.# ##.#....<..(#
.###(##.# ##.##.####.#
....>.#.###########.##.#
#.#
.............)D)@...##.#
#.#
#.........############.#
#.# ...#..........<.#
#.# #.####
.....##.#.#####.# #.#
#.รท..# #..####.#.# #.#
####.# #..# #.#.. #.#
#..# #.#### #.# #..# #.#
#.# #..# #.# #.##


You could see a mottled dragon.

Vanquished Creatures
  Edmund (D:6)
  An ice beast (D:6)
  4 sky beasts
  2 phantoms
  4 ogres
  2 centaurs (D:6)
  A giant frog (D:5)
  A gnoll sergeant (D:6)
  5 crimson imps
  An orc priest (D:6)
  A giant frog zombie (D:6)
  A hound (D:5)
  A centaur skeleton (D:4)
  A gnoll shaman (D:5)
  4 orc wizards
  3 worker ants
  Jessica (D:2)
  3 worker ant zombies
  Robin (D:2)
  6 gnolls
  6 adders
  A shadow imp (D:5)
  An adder zombie (D:6)
  5 worms
  A giant gecko (D:4)
  14 orcs
  2 ball pythons
  4 giant cockroaches
  8 hobgoblins
  4 kobolds
  A quokka (D:5)
  12 bats
  A giant gecko skeleton (D:6)
  6 giant newts
  8 goblins
  2 goblin zombies (D:4)
  2 hobgoblin zombies (D:4)
  16 jackals
  2 kobold skeletons (D:4)
  2 kobold zombies (D:4)
  An orc skeleton (D:4)
  An orc zombie (D:4)
  A quokka skeleton (D:4)
  7 rats
152 creatures vanquished.

Notes
Turn   | Place    | Note
--------------------------------------------------------------
     0 | D:1      | Goblin1989 the Vine Stalker Assassin began the quest for the Orb.
     0 | D:1      | Reached XP level 1. HP: 11/11 MP: 2/2
   138 | D:1      | Reached skill level 5 in Stealth
   235 | D:1      | Reached XP level 2. HP: 15/15 MP: 3/3
   854 | D:2      | Reached XP level 3. HP: 18/18 MP: 4/4
   980 | D:2      | Noticed Jessica
   983 | D:2      | Killed Jessica
   983 | D:2      | Reached skill level 1 in Shields
   983 | D:2      | Reached XP level 4. HP: 23/23 MP: 5/5
  1133 | D:2      | Found a sparkling altar of Nemelex Xobeh.
  1186 | D:2      | Noticed Sigmund
  1444 | D:2      | Noticed Robin
  1446 | D:2      | Killed Robin
  1595 | D:3      | Reached XP level 5. HP: 24/26 MP: 6/6
  1637 | D:3      | Found a snail-covered altar of Cheibriados.
  1637 | D:3      | Found a stormy altar of Qazlal.
  1644 | D:3      | Reached skill level 6 in Stealth
  1671 | D:3      | Found a shimmering altar of Xom.
  1671 | D:3      | Found a shadowy altar of Dithmenos.
  1736 | D:3      | Became a worshipper of Dithmenos the Shadowed
  2396 | D:4      | Learned a level 2 spell: Repel Missiles
  2473 | D:4      | Found a glowing golden altar of the Shining One.
  2520 | D:4      | Gained mutation: You heal very quickly. [Vine Stalker growth]
  2520 | D:4      | Reached XP level 6. HP: 28/30 MP: 7/7
  2742 | D:4      | Found a burning altar of Makhleb.
  2836 | D:4      | Noticed a phantom
  2897 | D:4      | Killed a phantom
  3048 | D:5      | Entered Level 5 of the Dungeon
  3105 | D:5      | Reached * piety under Dithmenos
  3105 | D:5      | Reached skill level 5 in Short Blades
  3105 | D:5      | Reached XP level 7. HP: 24/34 MP: 8/8
  3145 | D:5      | Reached skill level 7 in Stealth
  3676 | D:5      | Found a staircase to the Ecumenical Temple.
  3765 | D:5      | Gained mutation: You have razor-sharp teeth. [Vine Stalker growth]
  3765 | D:5      | Reached XP level 8. HP: 31/38 MP: 6/9
  3772 | D:5      | Gained mutation: You have a pair of small antennae on your head. [mutagenic meat]
  3773 | D:5      | Gained mutation: You are partially covered in molten scales (AC +1). [mutagenic meat]
  3774 | D:5      | Gained mutation: You are agile. (Dex +2) [mutagenic meat]
  3775 | D:5      | Lost mutation: You are agile. (Dex +2) [mutagenic meat]
  3776 | D:5      | Gained mutation: You can breathe flames. [mutagenic meat]
  3777 | D:5      | Gained mutation: You are agile. (Dex +2) [mutagenic meat]
  3796 | D:5      | Found Ihoeqi's Book Shop.
  4082 | D:5      | Found an opulent altar of Gozag.
  4083 | D:5      | Reached skill level 8 in Stealth
  4351 | D:5      | Gained mutation: You have a pair of antennae on your head. [mutagenic meat]
  4352 | D:5      | Gained mutation: You are robust (+10% HP). [mutagenic meat]
  4353 | D:5      | Gained mutation: Your spells are a little easier to cast, but a little less powerful. [mutagenic meat]
  4354 | D:5      | Gained mutation: You have a somewhat thin skeletal structure (Dex +2, Stealth). [mutagenic meat]
  4356 | D:5      | Gained mutation: You are partially covered in icy blue scales (AC +1). [mutagenic meat]
  4520 | D:6      | Reached XP level 9. HP: 39/46 MP: 10/10
  4524 | D:6      | Gained mutation: Your flesh is cold resistant. [mutagenic meat]
  4548 | D:6      | Reached skill level 9 in Stealth
  4558 | D:6      | Noticed Menkaure
  4592 | D:6      | Noticed Edmund
  4639 | D:6      | Reached ** piety under Dithmenos
  4649 | D:6      | Killed Edmund
  5221 | D:6      | Reached skill level 1 in Invocations
  5253 | D:6      | HP: 1/46 [burnt (7)]
  5254 | D:6      | Incinerated by a mottled dragon

Action                   |  1- 3 |  4- 6 |  7- 9 || total
-------------------------+-------+-------+-------++-------
Melee: Dagger            |    53 |   182 |   380 ||   615
       Unarmed           |       |    16 |       ||    16
 Fire: Blowgun           |       |    27 |    42 ||    69
  Use: Potion            |       |       |     2 ||     2
 Stab: Sleeping          |    13 |    21 |    11 ||    45
  Eat: Chunk             |       |     4 |    18 ||    22
       Fruit             |       |     3 |       ||     3
       Beef jerky        |       |       |     1 ||     1
